 Dungeon Crawl Stone Soup version 0.28.0-43-g3370ac3207 (webtiles) character file.

Game seed: 13137125076189340735

57007 Zonian the Nimble (level 14, -5/98 HPs)
             Began as a Demonspawn Ice Elementalist on Mar 1, 2022.
             Was an Initiate of Gozag.
             Slain by a catoblepas (8 damage)
             ... while petrified by a catoblepas
             ... on level 13 of the Dungeon on Mar 2, 2022.
             The game lasted 01:35:35 (37426 turns).

Zonian the Nimble (Demonspawn Ice Elementalist)    Turns: 37426, Time: 01:35:35

Health: -5/98      AC:  7    Str: 11    XL:     14   Next: 44%
Magic:  0/26       EV:  2    Int: 23    God:    Gozag
Gold:   2379       SH:  0    Dex: 26    Spells: 0/30 levels left

rFire   . . .      SeeInvis .   d - +8 whip of Vanity {freeze, Int+5}
rCold   . . .      Faith    .   (no shield)
rNeg    + + +      Spirit   +   l - +1 robe of Muttered Phrases {Fly rElec rCorr}
rPois   ∞          Reflect  .   (no helmet)
rElec   +          Harm     .   G - scarf {repulsion}
rCorr   +          Rampage  .   (gloves unavailable)
Will    +....                   (no boots)
Stlth   +++++.....              V - amulet of the Original Sin {Spirit Dex+5}
HPRegen 0.26/turn               b - +4 ring of evasion
MPRegen 0.20/turn               s - +6 ring of dexterity

@: petrified, flying, repel missiles
A: yellow scales 3, spiny 2, demonic magic 1, demonic touch 3
a: Renounce Religion, Potion Petition, Call Merchant, Bribe Branch


You were on level 13 of the Dungeon.
You worshipped Gozag.
Gozag was most pleased with you.
You visited 2 branches of the dungeon, and saw 19 of its levels.
You also visited: Sewer.

You collected 5324 gold pieces.
You spent 1328 gold pieces at shops.
You paid 1617 gold pieces to Gozag.

Inventory:

Hand Weapons
 c - a +0 hand axe
 d - the +8 whip of Vanity (weapon) {freeze, Int+5}
   (You bought it in a shop on level 11 of the Dungeon)

   It freezes those it strikes, dealing additional cold damage.
   It can also slow down cold-blooded creatures.
   Int:       It affects your intelligence (+5).
 n - the +5 short sword of Lunifub {vorpal, rN+ Str-3 Int+5}
   (You bought it in a shop on level 11 of the Dungeon)

   It inflicts extra damage upon your enemies.
   Str:       It affects your strength (-3).
   Int:       It affects your intelligence (+5).
   rN:        It protects you from negative energy.
 r - a +4 spear of flaming
 u - a +3 halberd of freezing
 E - a +7 eveningstar
 P - a +1 rapier of draining
 Q - a +0 rapier of venom
Missiles
 y - 32 poisoned darts
 B - 3 throwing nets
 F - 5 silver javelins
 I - 5 javelins
 N - 5 curare-tipped darts
Armour
 l - the +1 robe of Muttered Phrases (worn) {Fly rElec rCorr}
   (You bought it in a shop on level 5 of the Dungeon)

   rElec:     It insulates you from electricity.
   Fly:       It grants you flight.
   rCorr:     It protects you from acid and corrosion.
 G - a scarf of repulsion (worn)
 O - a +0 buckler
 X - a scarf of shadows
 Y - a +1 scale mail of poison resistance
Jewellery
 b - a +4 ring of evasion (left hand)
 s - a +6 ring of dexterity (right hand)
 w - a ring of protection from cold
 L - an amulet of the acrobat
 U - a ring of positive energy
 V - the amulet of the Original Sin (around neck) {Spirit Dex+5}
   (You found it on level 8 of the Dungeon)

   [amulet of guardian spirit]

   It causes incoming damage to be divided between your reserves of health and
   magic.
   Dex:       It affects your dexterity (+5).
Wands
 k - a wand of digging (15)
 o - a wand of paralysis (16)
 p - a wand of iceblast (2)
 v - a wand of mindburst (17)
 A - a wand of flame (23)
 W - a wand of polymorph (8)
Scrolls
 f - 10 scrolls of teleportation
 q - 6 scrolls of identify
 C - 4 scrolls of enchant armour
 J - a scroll of magic mapping
 K - a scroll of fog
Potions
 a - 6 potions of ambrosia
 e - 2 potions of heal wounds
 g - 13 potions of curing
 h - a potion of magic
 i - 3 potions of mutation
 m - 5 potions of attraction
 t - 2 potions of might
 x - a potion of cancellation
 z - 5 potions of haste
 D - 3 potions of brilliance
 H - 5 potions of lignification
 M - a potion of berserk rage
 S - a potion of invisibility
 T - 2 potions of resistance
Miscellaneous
 j - a piece from Xom's chessboard (15/15)
 R - a tin of tremorstones (1/2)


   Skills:
 - Level 5.0 Fighting
 * Level 3.7 Maces & Flails
 - Level 5.0 Polearms
 - Level 10.0 Dodging
 - Level 8.8 Stealth
 - Level 8.6 Spellcasting
 - Level 9.5 Conjurations
 - Level 9.5 Ice Magic
 - Level 9.0 Air Magic
 - Level 5.3 Earth Magic
 - Level 5.0 Poison Magic


You couldn't memorise any spells.
You knew the following spells:

 Your Spells              Type           Power      Damage    Failure   Level
a - Freeze                Ice            100%       1d11      1%          1
b - Frozen Ramparts       Ice            100%       1d12      1%          3
c - Ozocubu's Armour      Ice            52%        N/A       1%          3
d - Shock                 Conj/Air       100%       1d9       1%          1
e - Hailstorm             Conj/Ice       52%        3d12      1%          4
f - Swiftness             Air            51%        N/A       1%          3
g - Airstrike             Air            25%        N/A       1%          4
h - Stone Arrow           Conj/Erth      88%        3d12      1%          3
i - Mephitic Cloud        Conj/Pois/Air  46%        N/A       1%          3
j - Freezing Cloud        Conj/Ice/Air   26%        6-21      3%          5

Your spell library contained the following spells:

 Spells                   Type           Power      Damage    Failure   Level
 Corpse Rot               Necr/Air       60%        N/A       1%          2
 Poisonous Vapours        Pois/Air       84%        N/A       1%          2
 Ignite Poison            Fire/Tmut/Pois 17%        N/A       10%         3
 Summon Lightning Spire   Summ/Air       30%        N/A       10%         4
 Call Canine Familiar     Summ           9%         N/A       21%         3
 Portal Projectile        Hex/Tloc       18%        N/A       21%         3
 Lee's Rapid Deconstruct  Erth           17%        3d11*     21%         5
 Leda's Liquefaction      Hex/Erth       11%        N/A       22%         4
 Petrify                  Tmut/Erth      22%        N/A       22%         4
 Blade Hands              Tmut           4%         N/A       88%         5
 Excruciating Wounds      Necr           4%         N/A       88%         5
 Storm Form               Tmut/Air       15%        N/A       100%        7
 Maxwell's Capacitive Co  Air            25%        ∞         100%        8


Dungeon Overview and Level Annotations

Branches:
Dungeon (13/15)            Temple (0/1) D:7            Lair (6/6) D:8
 Shoals (0/4) Lair:3        Snake (0/4) Lair:3        Slime (0/5) Lair:6
    Orc (0/2) D:9           Sewer (visited)
 Vaults: D:13-14

Altars:
Cheibriados
Dithmenos
Fedhas
Gozag
Hepliaklqana
Okawaru
Trog
Vehumet
Wu Jian
Xom
Zin
Jiyva

Shops:
D:2 ?(   D:5 [   D:11 (   Lair:3 *

Annotations:
D:7 4 runed translucent doors
Lair:2 Sonja
Lair:3 Gastronok, Rupert


Innate Abilities, Weirdness & Mutations

You are completely covered in yellow scales. (AC +4, rCorr)
You are mostly covered in sharp spines.
Spells you cast may paralyse adjacent enemies.
Your touch may irresistibly damage your foes and sap their willpower.


Message History

You sap its willpower!
The catoblepas is almost dead.
You are engulfed in calcifying dust.
You are slowing down.
The catoblepas gores you.
The catoblepas breathes a plume of calcifying dust at you.
The blast of calcifying dust hits you.
The catoblepas is struck by your spines.
The catoblepas gores you!!
Your limbs are stiffening.
Unknown command.
You have turned to stone.
The catoblepas breathes a plume of calcifying dust at you.
The blast of calcifying dust hits you but does no damage.
You are engulfed in calcifying dust.
The catoblepas stomps with a crash on the ground.
The catoblepas gores you!
You are engulfed in calcifying dust.
The catoblepas gores you but does no damage.
The troll is struck by your spines. The troll bites you! The troll claws you!
The troll claws you.
You are engulfed in calcifying dust.
The catoblepas gores you!! The troll bites you! The troll claws you!
The troll claws you.
You are engulfed in calcifying dust.
The catoblepas gores you!!
* * * LOW HITPOINT WARNING * * *
The troll bites you but does no damage. The troll claws you but does no damage.
The troll claws you.
* * * LOW HITPOINT WARNING * * *
You are engulfed in calcifying dust.
The catoblepas is struck by your spines.
The catoblepas gores you!!
* * * LOW HITPOINT WARNING * * *
The troll bites you!
* * * LOW HITPOINT WARNING * * *
The troll claws you.
* * * LOW HITPOINT WARNING * * *
The troll claws you.
* * * LOW HITPOINT WARNING * * *
The catoblepas gores you!
You die...
Your body crumbles into a pile of gold.

#....#### #.......#
+.....?.### ....
#.......... .....
#.......... .....
#..........
.....######.........
..........YT.......
######
.........@...###..
#....######.....§...#
#.........#(........#
#.........#.........#
#.........#.........#
.....8....######§####...
........................
...8...8................
........................


You could see a catoblepas and a troll.

Vanquished Creatures
  Snorg (Lair:6)
  2 boulder beetles
  8 hydras
  The ghost of issech the Basher, a novice TrMo of Hepliaklqana (D:8)
  8 death yaks
  A two-headed ogre (D:12)
  Urug (Lair:3)
  Pikel (D:9)
  2 cyclopes
  2 manticores
  2 ugly things
  A moth of wrath (D:8)
  9 elephants
  Maurice (D:8)
  2 black mambas
  8 cane toads
  5 rime drakes
  4 komodo dragons
  9 polar bears
  A queen bee (Lair:3)
  5 trolls
  6 hornets (Lair:6)
  13 blink frogs
  A wind drake (Lair:3)
  A meliai zombie (D:10)
  3 wyverns
  13 spriggans (Lair:6)
  A shadow (D:12)
  A wraith (D:13)
  6 basilisks
  68 yaks
  2 vampire mosquitoes (D:12)
  3 nagas (Lair:3)
  An acid dragon (D:8)
  21 water moccasins
  7 orc warriors
  2 ice beasts
  5 black bears
  5 boggarts (Lair:6)
  3 centaurs
  2 necrophages
  32 wolves
  An ogre (D:5)
  5 phantoms
  3 kobold brigands
  8 bullfrogs
  A gnoll sergeant (D:10)
  4 scorpions
  A water moccasin zombie (D:7)
  39 killer bees
  A wight (D:7)
  2 electric eels (D:10)
  4 howler monkeys
  3 centaur zombies
  A hound (D:5)
  8 orc priests
  3 iguanas
  6 orc wizards
  2 howler monkey zombies
  3 gnolls
  8 adders
  A river rat (D:3)
  A shadow imp (D:6)
  A white imp (D:6)
  2 ufetubi (D:5)
  5 worms
  3 dart slugs
  36 orcs
  8 ball pythons
  6 endoplasms
  8 giant cockroaches
  7 goblins
  9 hobgoblins
  7 jackals
  13 kobolds
  A quokka (D:1)
  12 bats
  2 frilled lizards (D:2)
  6 rats
  A spectral hobgoblin (D:4)
502 creatures vanquished.

Vanquished Creatures (others)
  27 fungi
  62 plants
89 creatures vanquished.

Grand Total: 591 creatures vanquished

Notes
Turn   | Place    | Note
-------+----------+-------------------------------------------
     0 | D:1      | Zonian the Demonspawn Ice Elementalist began the quest for
                  | the Orb.
     0 | D:1      | Reached XP level 1. HP: 13/13 MP: 3/3
   557 | D:1      | Reached skill level 2 in Dodging
   658 | D:1      | Gained mutation: Your touch may inflict minor irresistible
                  | damage on your foes. [demonic ancestry]
   658 | D:1      | Reached XP level 2. HP: 10/19 MP: 5/5
  1980 | D:2      | Gained mutation: You are partially covered in yellow
                  | scales. (AC +2) [demonic ancestry]
  1980 | D:2      | Reached XP level 3. HP: 14/24 MP: 0/6
  2263 | D:2      | Found Jueqio's Magic Scroll Emporium.
  2948 | D:2      | Found Noutip's Weapon Emporium.
  2950 | D:2      | Reached XP level 4. HP: 30/30 MP: 5/7
  3662 | D:3      | Found a faded altar of an unknown god.
  3926 | D:3      | Found a glowing drain.
  3944 | Sewer    | Entered a sewer
  4291 | Sewer    | Noticed a water moccasin
  4303 | Sewer    | Killed a water moccasin
  4304 | Sewer    | Reached skill level 3 in Dodging
  4304 | Sewer    | Gained mutation: You are mostly covered in yellow scales.
                  | (AC +3) [demonic ancestry]
  4304 | Sewer    | Reached XP level 5. HP: 35/35 MP: 3/9
  4939 | D:3      | Gained mutation: Your touch may inflict irresistible damage
                  | on your foes. [demonic ancestry]
  4939 | D:3      | Reached XP level 6. HP: 31/41 MP: 6/11
  5685 | D:3      | Prayed at the altar of an unknown god.
  5685 | D:3      | Became a worshipper of Gozag Ym Sagoz the Greedy
  6590 | D:4      | Found a hazy altar of Hepliaklqana.
  6672 | D:4      | Learned a level 3 spell: Frozen Ramparts
  6676 | D:4      | Learned a level 3 spell: Ozocubu's Armour
  6736 | D:4      | Found an ornate altar of the Wu Jian Council.
  6778 | D:5      | Entered Level 5 of the Dungeon
  6916 | D:5      | Found a shimmering altar of Xom.
  6944 | D:5      | Found Seiphuopp's Antique Armour Emporium.
  6962 | D:5      | Bought a shimmering robe for 142 gold pieces
  6962 | D:5      | Identified the +1 robe of Muttered Phrases {Fly rElec
                  | rCorr} (You bought it in a shop on level 5 of the Dungeon)
  6989 | D:5      | Found a blossoming altar of Fedhas.
  7024 | D:5      | Found an opulent altar of Gozag.
  7139 | D:5      | Reached skill level 5 in Ice Magic
  7139 | D:5      | Gained mutation: You are completely covered in yellow
                  | scales. (AC +4, rCorr) [demonic ancestry]
  7139 | D:5      | Reached XP level 7. HP: 32/46 MP: 6/12
  7794 | D:5      | Reached skill level 4 in Dodging
  7919 | D:5      | Found a bloodstained altar of Trog.
  8099 | D:6      | Noticed a wyvern
  8263 | D:6      | Gained mutation: Spells you cast may paralyse adjacent
                  | enemies. [demonic ancestry]
  8263 | D:6      | Reached XP level 8. HP: 49/52 MP: 11/14
  8432 | D:6      | Reached skill level 5 in Stealth
  8975 | D:6      | Reached skill level 5 in Spellcasting
  9103 | D:6      | Reached skill level 5 in Dodging
  9726 | D:7      | Found a radiant altar of Vehumet.
  9937 | D:7      | Learned a level 1 spell: Shock
  9942 | D:7      | Learned a level 4 spell: Hailstorm
 10073 | D:7      | Found a staircase to the Ecumenical Temple.
 10105 | D:7      | Reached XP level 9. HP: 52/57 MP: 17/17
 10528 | D:7      | Noticed a four-headed hydra
 10568 | D:7      | Found a large runed translucent door.
 10569 | D:7      | Found a large runed translucent door.
 10577 | D:7      | Reached skill level 1 in Polearms
 10577 | D:7      | Reached skill level 1 in Conjurations
 10581 | D:7      | Noticed a gargoyle
 10581 | D:7      | Noticed a skeletal warrior
 10624 | D:7      | Found a large runed translucent door.
 10634 | D:7      | Killed a four-headed hydra
 10635 | D:7      | Reached skill level 1 in Air Magic
 10658 | D:7      | Found a large runed translucent door.
 10794 | D:7      | Noticed a gargoyle
 10850 | D:8      | Found a transporter.
 10893 | D:8      | Reached skill level 6 in Dodging
 11136 | D:8      | Found a staircase to the Lair.
 11468 | D:8      | Noticed Maurice
 11487 | Lair:1   | Entered Level 1 of the Lair of Beasts
 11719 | Lair:1   | Noticed a komodo dragon
 11733 | Lair:1   | Killed a komodo dragon
 11734 | Lair:1   | Gained mutation: You are partially covered in sharp spines.
                  | [demonic ancestry]
 11734 | Lair:1   | Reached XP level 10. HP: 51/63 MP: 14/19
 12607 | Lair:2   | Noticed a cane toad
 12689 | Lair:2   | Learned a level 3 spell: Swiftness
 13302 | Lair:2   | Reached skill level 7 in Dodging
 13312 | Lair:2   | Gained mutation: You are mostly covered in sharp spines.
                  | [demonic ancestry]
 13312 | Lair:2   | Reached XP level 11. HP: 22/68 MP: 13/21
 13901 | Lair:2   | Noticed Sonja
 14704 | Lair:3   | Reached skill level 5 in Conjurations
 15077 | Lair:3   | Found a staircase to the Shoals.
 15506 | Lair:3   | Reached skill level 5 in Polearms
 15506 | Lair:3   | Reached skill level 5 in Air Magic
 15571 | Lair:3   | Found a staircase to the Snake Pit.
 15596 | Lair:3   | Noticed Urug
 15602 | Lair:3   | Killed Urug
 15631 | Lair:3   | Noticed Rupert
 16067 | Lair:3   | Reached XP level 12. HP: 53/74 MP: 4/24
 16142 | Lair:2   | Reached skill level 8 in Dodging
 17177 | Lair:3   | Learned a level 4 spell: Airstrike
 17319 | Lair:3   | Noticed Gastronok
 17802 | Lair:3   | Reached skill level 1 in Fighting
 18152 | Lair:3   | Bought the Disquisition on the Mountains for 510 gold
                  | pieces
 18156 | Lair:3   | Learned a level 3 spell: Stone Arrow
 18179 | Lair:4   | Noticed a death yak
 18181 | Lair:4   | Noticed a death yak
 18182 | Lair:4   | Reached skill level 1 in Earth Magic
 18183 | Lair:4   | Noticed a death yak
 18201 | Lair:3   | Killed a death yak
 18945 | Lair:4   | Noticed a seven-headed hydra
 18959 | Lair:4   | Killed a seven-headed hydra
 19353 | Lair:4   | Noticed a boulder beetle
 19373 | Lair:4   | Found a shadowy altar of Dithmenos.
 19401 | Lair:4   | Noticed a death yak
 19613 | Lair:3   | Killed a death yak
 20261 | Lair:4   | Killed a boulder beetle
 20368 | Lair:4   | Killed a death yak
 20375 | Lair:4   | Killed a death yak
 21275 | Lair:4   | Noticed a four-headed hydra
 21447 | Lair:4   | Killed a four-headed hydra
 21947 | Lair:5   | Noticed a death yak
 21948 | Lair:5   | Noticed a death yak
 21948 | Lair:5   | Noticed a death yak
 21952 | Lair:5   | Noticed a death yak
 22878 | Lair:5   | Gained mutation: Your touch may irresistibly damage your
                  | foes and sap their willpower. [demonic ancestry]
 22878 | Lair:5   | Reached XP level 13. HP: 88/88 MP: 12/25
 23540 | Lair:5   | Learned a level 3 spell: Mephitic Cloud
 23843 | Lair:5   | Reached skill level 9 in Dodging
 24231 | Lair:4   | Reached skill level 1 in Poison Magic
 26235 | Lair:6   | Entered Level 6 of the Lair of Beasts
 26771 | Lair:6   | Noticed Snorg
 26784 | Lair:6   | Killed Snorg
 26785 | Lair:6   | Reached skill level 5 in Fighting
 27450 | Lair:6   | Reached skill level 5 in Earth Magic
 29169 | Lair:6   | Reached skill level 10 in Dodging
 29556 | Lair:6   | Found a staircase to the Slime Pits.
 29556 | Lair:6   | Found a viscous altar of Jiyva.
 29608 | Lair:6   | Reached XP level 14. HP: 41/98 MP: 7/26
 29843 | Lair:6   | Identified the +1 robe of the True Pharaoh {Harm Rampage
                  | rF- Dex+8}
 30275 | Lair:6   | Reached skill level 5 in Poison Magic
 30766 | D:8      | Killed Maurice
 31054 | D:8      | Noticed issech's ghost (novice TrMo)
 31064 | D:8      | Found a transporter.
 31076 | D:8      | Killed issech's ghost
 31078 | D:8      | Identified the amulet of the Original Sin {Spirit Dex+5}
 33115 | D:9      | Found a staircase to the Orcish Mines.
 33375 | D:9      | Noticed Pikel
 33380 | D:9      | Killed Pikel
 33742 | D:10     | Entered Level 10 of the Dungeon
 34121 | D:10     | Found an iron altar of Okawaru.
 34515 | D:10     | Found a snail-covered altar of Cheibriados.
 36133 | D:11     | Bought a translucent whip for 240 gold pieces
 36133 | D:11     | Identified the +8 whip of Vanity {freeze, Int+5} (You
                  | bought it in a shop on level 11 of the Dungeon)
 36140 | D:11     | Learned a level 5 spell: Freezing Cloud
 36140 | D:11     | Bought a crystal short sword for 256 gold pieces
 36140 | D:11     | Identified the +5 short sword of Lunifub {vorpal, rN+ Str-3
                  | Int+5} (You bought it in a shop on level 11 of the Dungeon)
 36236 | D:12     | Reached skill level 1 in Maces & Flails
 36864 | D:12     | Found Zin's Purification Station.
 36872 | D:12     | Bought 2 potions of curing for 180 gold pieces
 37425 | D:13     | HP: 4/98 [troll (3)]
 37426 | D:13     | Slain by a catoblepas

Illustrated notes

Levels and vault maps discovered:
D:1:      eino_arrival_water_star, layout_loops_ring, serial_bayou_pond_b
D:2:      layout_loops_ring, serial_shops, shop,
          nicolae_shop_bloodbath_and_beyond, chequers_serial_rivers_small_b,
          serial_bayou_pond_c, chequers_jeans, grunt_decor_one_mirror,
          minmay_misc_feat_cross
D:3:      layout_loops_corners, shapermc_ecumenical_altar_flowoftime,
          portal_sewer_entry_a
D:4:      layout_loops_ring, nicolae_hepliaklqana_monster_ancestors,
          mainiacjoe_overflow_chevrons, marbit_many_paths
D:5:      mumra_celtic_spiral_tile, layout_rooms, kennysheep_mini_moat,
          xom_butterflies, mainiacjoe_overflow_catch_the_wave, serial_rivers,
          chequers_serial_rivers_room_b, chequers_serial_rivers_micro_c,
          chequers_serial_rivers_micro_d, chequers_serial_rivers_micro_a,
          chequers_serial_rivers_micro_e, serial_shops, nicolae_shop_crystal
D:6:      corexii_shack_village, layout_cave_pods, palyth_stone_intersect,
          minmay_misc_feat_plants, hangedman_decor_diamond_cutter
D:7:      layout_loops_corners, mainiacjoe_overflow_alcove_1,
          minmay_temple_entry_crystal_x, minmay_hollow_rounded_squares
D:8:      layout_basic, lair_entry_dummy, gammafunk_ghost_berserking_beasts,
          skrybe_limestone_x, lemuel_flamethrower_1, uniq_maurice
D:9:      layout_cave_pools, david_orc_3, uniq_pikel
D:10:     layout_stronghold, cheibrodos_worm_habitat, okawaru_trees_1,
          chequers_big_river, st_stairs_4
D:11:     layout_big_octagon
D:12:     layout_small_grid, zin_purify
D:13:     layout_irregular_city, serial_shops, kennysheep_mini,
          grunt_ministairs_2, grunt_tough_drop
Lair:1:   layout_cave_shapes, minmay_hedge_maze, beast_lair_carwin_2
Lair:2:   layout_gridlike, uniq_sonja
Lair:3:   layout_roguey [special_room_bee], minmay_shoals_entry_beasts,
          minmay_snake_entry_guardpost_small, lemuel_fruit_tree, uniq_urug,
          uniq_rupert, uniq_gastronok
Lair:4:   layout_cave_pods, basic_altar
Lair:5:   layout_hall_layers, serial_rivers, chequers_serial_rivers_micro_c,
          chequers_serial_rivers_micro_e, chequers_serial_rivers_room_a,
          chequers_serial_rivers_micro_b, chequers_serial_rivers_micro_d
Lair:6:   minmay_lair_end_enchanted_forest, layout_big_grid, slime_altar_1,
          uniq_snorg

Skill      XL: |  1  2  3  4  5  6  7  8  9 10 11 12 13 14 |
---------------+-------------------------------------------+-----
Stealth        | 2 3 4 6 7 8 |  8.8
Dodging        | 2 3 4 5 6 7 8 10 | 10.0
Ice Magic      | 4 5 6 7 8 9 |  9.5
Spellcasting   | 3 4 5 6 7 8 |  8.6
Polearms       | 2 4 5 |  5.0
Conjurations   | 2 4 5 7 9 |  9.5
Air Magic      | 2 4 5 7 8 9 |  9.0
Fighting       | 3 5 |  5.0
Earth Magic    | 3 5 |  5.3
Poison Magic   | 4 5 |  5.0
Maces & Flails | 3 |  3.7

Action                   |  1- 3 |  4- 6 |  7- 9 | 10-12 | 13-15 || total
-------------------------+-------+-------+-------+-------+-------++-------
Melee: Hand axe          |    66 |    83 |       |       |       ||   149
       Touch             |     5 |    24 |    43 |   101 |   123 ||   296
       Punch             |     1 |     2 |     3 |    13 |    12 ||    31
       Spear             |       |    60 |   196 |   418 |   494 ||  1168
       Whip              |       |       |       |       |    66 ||    66
 Cast: Freeze            |    29 |    65 |    10 |    16 |       ||   120
       Ozocubu's Armour  |       |     1 |    10 |    17 |    20 ||    48
       Frozen Ramparts   |       |     1 |    12 |    37 |    17 ||    67
       Shock             |       |       |     5 |    25 |     3 ||    33
       Hailstorm         |       |       |       |     9 |     2 ||    11
       Airstrike         |       |       |       |     3 |    20 ||    23
       Stone Arrow       |       |       |       |       |   132 ||   132
       Mephitic Cloud    |       |       |       |       |    24 ||    24
Invok: Call Merchant     |       |       |       |     1 |     1 ||     2
Evoke: Wand              |       |       |       |     3 |     9 ||    12
       Piece from Xom's  |       |       |       |     1 |     5 ||     6
       Tin of tremorston |       |       |       |       |     1 ||     1
  Use: Scroll            |     1 |    13 |     5 |     5 |     7 ||    31
       Potion            |       |       |     2 |     5 |       ||     7
 Stab: Sleeping          |     3 |     6 |    11 |    10 |    10 ||    40
       Paralysed         |       |       |    13 |    61 |    47 ||   121
       Distracted        |       |       |       |     6 |     2 ||     8
       Confused          |       |       |       |       |    27 ||    27
       Petrified         |       |       |       |       |     2 ||     2
Armor: Robe              |    11 |    60 |    39 |    72 |    81 ||   263
Dodge: Dodged            |    77 |   189 |   154 |   335 |   481 ||  1236
       Repelled          |       |       |       |       |     2 ||     2
